Map: [ESL] Waterfall

Players

Bunny - Winner!

  • Race: Terran Terran
  • Spawn Location: 7:00

Serral

  • Race: Zerg Zerg
  • Spawn Location: 1:00

Event: DreamHack SC2 Masters 2022 Atlanta (Offline)

VOD

Have the link to the VOD?

Description

Time

  • Played on: Nov. 20, 2022, 12:37 p.m.
  • Length: 7:12

All games in this series

Show
View Real Time Build Order
Export as new Build Order

Bunny Terran - Winner!

Build Orders: Hellion Opening, Reaper Expand 

Get SALT Encoding   

  12  0:00  SCV  
  13  0:12  SCV  
  14  0:17  Supply Depot  
  14  0:24  SCV  
  15  0:38  SCV  
  15  0:39  Barracks  
  16  0:42  Refinery  
  16  0:50  SCV  
  17  1:02  SCV  
  18  1:14  SCV  
  19  1:26  Reaper, Orbital Command  
  20  1:40  Command Center  
  20  1:48  Supply Depot  
  20  1:52  SCV  
  21  1:58  Marine  
  22  2:04  SCV  
  23  2:09  Factory  
  23  2:16  SCV  
  23  2:19  Refinery  
  23  2:21  Barracks Reactor  
  24  2:29  SCV  
  25  2:41  SCV  
  26  2:53  SCV, Orbital Command  
  26  2:55  Starport  
  27  3:01  Hellion x2  
  27  3:05  SCV  
  32  3:07  Barracks Tech Lab  
  32  3:17  SCV  
  32  3:18  SCV  
  34  3:22  Hellion  
  34  3:23  Hellion  
  34  3:26  Supply Depot, Marauder  
  40  3:32  Viking  
  43  3:34  SCV  
  43  3:41  Supply Depot  
  43  3:44  Hellion  
  43  3:46  SCV  
  43  3:48  Hellion  
  48  3:51  Marauder  
  50  3:56  Supply Depot  
  50  3:59  Concussive Shells  
  50  4:01  SCV  
  50  4:02  Medivac  
  53  4:09  Armory  
  53  4:11  SCV  
  53  4:13  Hellion  
  53  4:16  Hellion  
  60  4:24  SCV x2  
  60  4:29  Supply Depot  
  60  4:36  SCV  
  60  4:37  SCV, Hellion  
  60  4:38  Hellion  
  66  4:39  Liberator  
  69  4:49  SCV  
  69  4:50  SCV  
  71  5:03  SCV  
  71  5:05  SCV  
  71  5:07  Command Center, Marine  
  72  5:13  Supply Depot  
  73  5:20  SCV x2  
  75  5:25  Marine  
  75  5:27  Hellion x2  
  78  5:29  Hellion  
  74  5:35  Barracks  
  74  5:36  Barracks  
  74  5:41  SCV x2  
  71  5:43  Marine  
  66  5:56  Engineering Bay  
  61  5:57  SCV x2  
  61  5:58  Engineering Bay, Barracks  
  61  5:59  Barracks  
  61  6:01  Marine  
  61  6:02  Starport Reactor  
  59  6:06  Refinery x2  
  59  6:08  Factory Tech Lab  
  59  6:11  SCV x2  
  59  6:21  Orbital Command  
  59  6:24  Barracks Reactor  
  59  6:26  SCV  
  59  6:27  SCV  
  59  6:30  Marine x3  
  59  6:32  Siege Tank  
  65  6:47  Marine x3  
  65  6:48  Marine x2  
Show
View Real Time Build Order
Export as new Build Order

Serral Zerg 

Build Orders: Pool First 

Get SALT Encoding   

  12  0:00  Drone  
  13  0:11  Overlord  
  13  0:16  Drone  
  14  0:30  Drone x2  
  14  0:33  Drone  
  17  0:44  Spawning Pool  
  17  0:47  Drone  
  17  1:07  Hatchery  
  17  1:10  Drone  
  17  1:14  Drone  
  17  1:15  Extractor  
  17  1:20  Drone  
  18  1:30  Queen  
  18  1:32  Zergling x2  
  21  1:39  Overlord  
  21  1:48  Drone  
  22  1:59  Drone  
  23  2:06  Queen  
  25  2:12  Drone  
  26  2:18  Hatchery  
  26  2:21  Drone  
  26  2:24  Drone  
  27  2:31  Drone x2  
  29  2:40  Metabolic Boost  
  29  2:41  Drone x2  
  31  2:45  Overlord  
  31  2:49  Drone  
  32  2:52  Drone  
  32  2:57  Queen  
  35  3:03  Overlord  
  35  3:04  Drone  
  36  3:07  Drone  
  36  3:08  Drone  
  36  3:12  Drone  
  39  3:14  Drone x2  
  39  3:16  Drone  
  42  3:21  Queen  
  44  3:31  Queen  
  44  3:33  Queen  
  48  3:38  Overlord  
  48  3:41  Zergling x4  
  48  3:42  Zergling x2  
  48  3:44  Drone  
  48  3:47  Overlord  
  53  3:48  Zergling x2  
  53  3:50  Drone  
  53  3:52  Drone  
  53  3:53  Drone  
  56  3:56  Drone  
  56  3:57  Drone  
  58  4:06  Zergling x2  
  58  4:07  Overlord  
  58  4:08  Drone x4  
  62  4:12  Queen  
  64  4:17  Queen  
  64  4:19  Overlord  
  64  4:23  Baneling Nest  
  65  4:25  Overlord  
  64  4:33  Zergling x6  
  64  4:34  Drone x3  
  64  4:36  Drone  
  71  4:41  Zergling x2  
  71  4:42  Drone x3  
  71  4:44  Overlord  
  75  4:47  Spore Crawler  
  75  4:52  Zergling x8  
  78  4:58  Queen  
  78  4:59  Queen  
  79  5:01  Zergling x4  
  74  5:08  Baneling x7  
  74  5:10  Zergling x8  
  74  5:16  Zergling x4  
  72  5:22  Zergling x6  
  72  5:26  Zergling x2  
  65  5:35  Zergling x2  
  65  5:36  Zergling x4  
  55  5:45  Zergling x4  
  49  6:09  Zergling x14  
  52  6:12  Zergling x2  
  52  6:14  Zergling x2  
  54  6:20  Zergling x2  
  54  6:24  Baneling x8  
  55  6:26  Zergling x2  
  55  6:27  Baneling  
  55  6:30  Zergling x2  
  57  6:34  Drone x3  
  57  6:38  Baneling  
  57  6:39  Drone  
  61  6:44  Drone x3  
  61  6:45  Drone  
  62  6:48  Drone  
  62  6:50  Drone  
Tags
 
Add a new tag
Caveats
  • Supply blocks, unpowered buildings, or Contaminate may cause inaccurate times.
  • Supply counts are checked every 10 seconds.